| 8 | 0:00 | SCV | |
| 9 | 0:12 | SCV | |
| 10 | 0:24 | SCV | |
| 11 | 0:36 | SCV | |
| 11 | 0:41 | Supply Depot | |
| 12 | 0:49 | SCV | |
| 13 | 0:54 | Refinery | |
| 13 | 1:03 | SCV | |
| 14 | 1:05 | Barracks | |
| 14 | 1:15 | SCV | |
| 15 | 1:27 | SCV | |
| 16 | 1:39 | SCV | |
| 17 | 1:52 | Reaper, Orbital Command | |
| 18 | 2:06 | Command Center | |
| 18 | 2:18 | SCV | |
| 19 | 2:26 | Factory | |
| 19 | 2:33 | Refinery, SCV | |
| 19 | 2:35 | Barracks Reactor | |
| 20 | 2:46 | SCV | |
| 20 | 2:47 | Supply Depot | |
| 21 | 3:08 | SCV | |
| 22 | 3:14 | Starport | |
| 22 | 3:18 | Orbital Command | |
| 22 | 3:23 | Hellion | |
| 24 | 3:27 | Hellion | |
| 24 | 3:28 | SCV | |
| 27 | 3:40 | SCV | |
| 28 | 3:43 | Barracks Tech Lab | |
| 28 | 3:45 | SCV | |
| 29 | 3:51 | Viking | |
| 29 | 3:53 | SCV | |
| 32 | 3:58 | SCV, Hellion | |
| 32 | 4:02 | Hellion | |
| 38 | 4:10 | SCV | |
| 38 | 4:15 | SCV, Supply Depot | |
| 39 | 4:22 | Hellion | |
| 41 | 4:29 | SCV | |
| 42 | 4:36 | Banshee, Cloaking Field | |
| 42 | 4:37 | SCV | |
| 42 | 4:38 | Supply Depot | |
| 46 | 4:41 | SCV | |
| 47 | 4:52 | Hellion | |
| 49 | 4:53 | SCV | |
| 53 | 5:00 | SCV, Hellion | |
| 51 | 5:08 | Command Center | |
| 51 | 5:09 | Supply Depot | |
| 51 | 5:14 | Hellion, SCV | |
| 54 | 5:20 | SCV | |
| 55 | 5:22 | Banshee | |
| 55 | 5:27 | Supply Depot | |
| 58 | 5:31 | SCV | |
| 58 | 5:33 | Refinery | |
| 58 | 5:35 | Refinery | |
| 59 | 5:40 | SCV | |
| 60 | 5:43 | SCV | |
| 61 | 5:52 | SCV | |
| 61 | 5:55 | SCV | |
| 61 | 5:57 | Factory | |
| 63 | 6:01 | Factory | |
| 63 | 6:04 | SCV | |
| 63 | 6:07 | SCV | |
| 63 | 6:10 | Hellion x2 | |
| 69 | 6:16 | SCV | |
| 70 | 6:19 | Banshee | |
| 73 | 6:31 | Hellion | |
| 60 | 6:41 | Hyperflight Rotors | |
| 60 | 6:42 | Factory Tech Lab | |
| 60 | 6:43 | SCV x2 | |
| 60 | 6:45 | Factory | |
| 62 | 6:51 | Engineering Bay | |
| 62 | 6:52 | Factory Tech Lab | |
| 62 | 6:55 | SCV x2 | |
| 62 | 6:57 | Supply Depot | |
| 64 | 7:05 | Banshee | |
| 64 | 7:07 | SCV | |
| 68 | 7:09 | Cyclone, Hellion x2 | |
| 68 | 7:12 | SCV | |
| 68 | 7:13 | Orbital Command | |
| 76 | 7:38 | Siege Tank, Factory Tech Lab | |
| 76 | 7:42 | Hellion x2, Infernal Pre-Igniter | |
| 76 | 7:43 | Mag-Field Accelerator | |
| 83 | 7:45 | SCV | |
| 83 | 7:48 | Refinery | |
| 83 | 7:49 | Refinery | |
| 82 | 7:51 | Supply Depot | |
| 82 | 7:52 | SCV | |
| 82 | 7:53 | Supply Depot | |
| 82 | 7:54 | SCV, Sensor Tower | |
| 82 | 7:57 | SCV, Banshee | |
| 88 | 8:03 | Cyclone, Siege Tank | |
| 88 | 8:04 | SCV | |
| 95 | 8:06 | Supply Depot x2 | |
| 95 | 8:09 | Armory, Hellion | |
| 97 | 8:15 | Missile Turret, Siege Tank | |
| 100 | 8:20 | SCV x2 | |
| 102 | 8:32 | Hellion x2 | |
| 102 | 8:33 | SCV x3 | |
| 109 | 8:35 | Cyclone, Siege Tank | |
| 112 | 8:42 | Missile Turret | |
| 112 | 8:44 | Missile Turret | |
| 112 | 8:48 | Cyclone | |
| 115 | 8:54 | SCV | |
| 99 | 9:06 | SCV x3 | |
| 99 | 9:07 | Cyclone x2 | |
| 99 | 9:08 | Missile Turret | |
| 99 | 9:09 | Terran Vehicle Weapons Level 1 | |
| 108 | 9:15 | Hellion x2 | |
| 112 | 9:18 | SCV x3 | |
| 112 | 9:20 | Cyclone | |
| 112 | 9:21 | Factory | |
| 118 | 9:30 | SCV | |
| 119 | 9:39 | Cyclone x2 | |
| 119 | 9:40 | Armory | |
| 119 | 9:43 | Hellion x2 | |
| 119 | 9:44 | SCV x2 | |
| 131 | 9:52 | Siege Tank | |
| 134 | 9:56 | SCV | |
| 134 | 9:59 | SCV | |
| 130 | 10:04 | Hellion | |
| 130 | 10:06 | SCV | |
| 133 | 10:10 | Command Center | |
| 133 | 10:11 | Cyclone | |
| 134 | 10:23 | Cyclone | |
| 134 | 10:25 | Hellion, Siege Tank | |
| 134 | 10:27 | Siege Tank | |
| 129 | 10:34 | Hellion | |
| 127 | 10:43 | Cyclone | |
| 130 | 10:51 | Hellion | |
| 130 | 10:53 | SCV x3 | |
| 135 | 10:57 | Terran Vehicle And Ship Armor Level 1 | |
| 135 | 11:00 | Supply Depot | |
| 135 | 11:01 | Supply Depot | |
| 135 | 11:02 | Supply Depot | |
| 135 | 11:03 | Siege Tank, Cyclone | |
| 141 | 11:05 | SCV x2 | |
| 141 | 11:06 | Terran Vehicle Weapons Level 2 | |
| 143 | 11:11 | Missile Turret | |
| 143 | 11:22 | Cyclone, Siege Tank, Hellion | |
| 151 | 11:25 | Supply Depot, Missile Turret | |
| 144 | 11:33 | Hellion, SCV | |
| 144 | 11:35 | Cyclone, Siege Tank | |
| 148 | 11:49 | SCV | |
| 148 | 11:52 | Refinery | |
| 148 | 11:54 | Siege Tank x2 | |
| 152 | 11:55 | Hellion | |
| 152 | 12:01 | Hellion | |
| 159 | 12:08 | Siege Tank, Cyclone | |
| 165 | 12:13 | SCV | |
| 164 | 12:16 | Hellion | |
| 166 | 12:24 | Hellion | |
| 166 | 12:26 | Cyclone, Siege Tank | |
| 166 | 12:29 | SCV | |
| 168 | 12:35 | Refinery | |
| 168 | 12:36 | SCV | |
| 169 | 12:39 | SCV | |
| 169 | 12:40 | Siege Tank, Cyclone | |
| 176 | 12:44 | SCV | |
| 176 | 12:48 | SCV | |
| 176 | 12:50 | Hellion x2 | |
| 176 | 12:51 | Refinery | |
| 182 | 12:52 | Missile Turret | |
| 182 | 12:58 | Cyclone, Siege Tank | |
| 145 | 13:11 | Hellion x2 | |
| 145 | 13:12 | Cyclone x2 | |
| 128 | 13:28 | SCV | |
| 128 | 13:30 | Factory, Siege Tank, Cyclone | |
| 128 | 13:31 | SCV, Refinery | |
| 128 | 13:32 | SCV | |
| 128 | 13:33 | Command Center | |
| 137 | 13:39 | Hellion | |
| 137 | 13:40 | SCV | |
| 140 | 13:44 | Cyclone x2 | |
| 142 | 13:53 | Missile Turret | |
| 139 | 14:02 | Siege Tank | |
| 136 | 14:15 | Missile Turret | |
| 136 | 14:17 | Cyclone, Siege Tank, Hellion | |
| 136 | 14:19 | Terran Vehicle Weapons Level 3 | |
| 136 | 14:24 | SCV | |
| 145 | 14:31 | Planetary Fortress | |
| 145 | 14:32 | SCV | |
| 146 | 14:43 | Supply Depot | |
| 146 | 14:44 | Missile Turret, Command Center | |
| 146 | 14:47 | Orbital Command | |
| 146 | 14:58 | Cyclone, Siege Tank, Hellion | |
| 100 | 15:14 | Cyclone | |
| 100 | 15:16 | SCV x3 | |
| 100 | 15:19 | Hellion | |
| 108 | 15:23 | SCV | |
| 108 | 15:24 | Missile Turret | |
| 108 | 15:25 | Missile Turret | |
| 108 | 15:26 | Refinery | |
| 108 | 15:27 | Refinery | |
| 109 | 15:30 | Siege Tank, Cyclone | |
| 109 | 15:32 | Refinery | |
| 109 | 15:35 | Factory Tech Lab | |
| 115 | 15:43 | Missile Turret | |
| 115 | 15:46 | Cyclone | |
| 115 | 15:55 | Missile Turret | |
| 113 | 16:02 | Siege Tank x2, Cyclone, Hellion x2 | |
| 126 | 16:08 | SCV x3 | |
| 126 | 16:09 | SCV, Missile Turret | |
| 126 | 16:11 | Supply Depot | |
| 130 | 16:18 | Starport Reactor | |
| 130 | 16:19 | Terran Vehicle And Ship Armor Level 2 | |
| 130 | 16:20 | SCV x2 | |
| 130 | 16:22 | Hellion | |
| 134 | 16:34 | Cyclone | |
| 134 | 16:37 | Cyclone, Starport Reactor, Hellion | |
| 142 | 16:40 | SCV x2 | |
| 144 | 16:49 | Cyclone, Siege Tank | |
| 144 | 16:53 | Hellion | |
| 146 | 17:05 | Command Center | |
| 146 | 17:09 | Cyclone, Siege Tank, Sensor Tower, Missile Turret x2, SCV | |
| 153 | 17:26 | SCV | |
| 153 | 17:27 | SCV | |
| 136 | 17:42 | Orbital Command, Cyclone, Siege Tank | |
| 136 | 17:43 | Hellion | |
| 138 | 17:47 | Cyclone, Siege Tank | |
| 138 | 17:48 | Hellion | |
| 147 | 17:51 | SCV | |
| 145 | 18:04 | Hellion | |
| 147 | 18:10 | Command Center | |
| 147 | 18:13 | SCV | |
| 147 | 18:14 | Cyclone | |
| 147 | 18:17 | Supply Depot | |
| 151 | 18:24 | Cyclone, Siege Tank, Hellion | |
| 159 | 18:28 | Supply Depot, Refinery | |
| 159 | 18:29 | Missile Turret, Sensor Tower | |
| 159 | 18:30 | SCV | |
| 160 | 18:39 | Missile Turret | |
| 160 | 18:49 | Cyclone, Siege Tank | |
| 160 | 18:50 | Hellion | |
| 168 | 19:04 | Orbital Command | |
| 168 | 19:10 | SCV x2 | |
| 170 | 19:19 | SCV | |
| 171 | 19:24 | Terran Vehicle And Ship Armor Level 3 | |
| 171 | 19:25 | Cyclone, Hellion, Siege Tank | |
| 171 | 19:26 | Hellion | |
| 181 | 19:38 | Refinery x2 | |
| 181 | 19:40 | Siege Tank | |
| 181 | 19:41 | Hellion | |
| 186 | 19:47 | Refinery | |
| 171 | 19:58 | Cyclone, Siege Tank | |
| 171 | 19:59 | Hellion | |
| 168 | 20:03 | Orbital Command | |
| 133 | 20:24 | Refinery | |
| 133 | 20:31 | Cyclone, Hellion x2, Siege Tank | |
| 143 | 20:40 | Cyclone, Hellion | |
| 148 | 20:52 | Hellion | |
| 142 | 20:57 | Liberator | |
| 142 | 20:58 | SCV x2 | |
| 142 | 21:01 | Cyclone | |
| 142 | 21:03 | Cyclone, Siege Tank | |
| 150 | 21:10 | Liberator | |
| 153 | 21:13 | Cyclone, Hellion | |
| 156 | 21:19 | Command Center | |
| 156 | 21:24 | Refinery | |
| 148 | 21:26 | SCV | |
| 148 | 21:27 | Missile Turret | |
| 138 | 21:33 | Hellion | |
| 140 | 21:41 | Cyclone, Siege Tank | |
| 146 | 21:48 | Missile Turret | |
| 110 | 22:12 | Cyclone | |
| 110 | 22:14 | Cyclone, Thor, Siege Tank, Hellion | |
| 110 | 22:15 | Hellion | |
| 97 | 22:36 | Hellion | |
| 96 | 22:45 | Hellion | |
| 106 | 22:59 | SCV | |